[Event "1st Sivas Buruciye Open 2019"]
[Site "Sivas"]
[Date "2019.08.20"]
[Round "3"]
[White "Kiziltas, Inanc Vefa"]
[Black "Shabanov, Abdulla"]
[Result "1-0"]
[ECO "B73"]
[WhiteElo "1826"]
[BlackElo "1776"]
[Annotator "NA"]
[PlyCount "103"]
[EventDate "2019.08.19"]
[EventType "swiss"]
[EventCountry "TUR"]
[SourceTitle "playchess.com"]
[Source "ChessBase"]
[SourceQuality "1"]
[TimeControl "5400+30"]

1. e4 c5 2. Nf3 d6 3. d4 cxd4 4. Nxd4 Nf6 5. Nc3 g6 6. Be2 Bg7 7. O-O Nc6 8. Be3 O-O 9. h3 Bd7 10. Qd2 Nxd4 11. Bxd4 Bc6 12. Bf3 Qa5 13. Rad1 Rac8 14. Nd5 Qxd2 15. Nxe7+ Kh8 16. Rxd2 Rc7 17. Nxc6 bxc6 18. c3 Ne8 19. Rfd1 f5 20. exf5 Rxf5 21. Re2 Rf8 22. Rde1 Bxd4 23. cxd4 Nf6 24. Re7 Rfc8 25. Rxc7 Rxc7 26. Re6 Kg7 27. Rxd6 c5 28. dxc5 Rxc5 29. Rc6 Rxc6 30. Bxc6 Kf7 31. g4 g5 32. Kg2 Ke6 33. b4 Ke5 34. Kg3 h6 35. h4 Kd4 36. hxg5 hxg5 37. f4 gxf4+ 38. Kxf4 Kc4 39. b5 Ng8 40. Ke5 Nh6 41. g5 Nf7+ 42. Kf6 Nxg5 43. Kxg5 Kc5 44. a4 Kb6 45. Kf6 a6 46. Ke6 axb5 47. axb5 Kc7 48. Kd5 Kb6 49. Kd6 Ka7 50. Kc5 Kb8 51. b6 Kc8 52. Kb5 1-0

[Event "1st Sivas Buruciye Open 2019"]
[Site "Sivas"]
[Date "2019.08.20"]
[Round "3"]
[White "Gurbanov, Ismayil"]
[Black "Sabahi, Ali Can"]
[Result "0-1"]
[ECO "C09"]
[WhiteElo "1738"]
[BlackElo "1825"]
[Annotator "NA"]
[PlyCount "98"]
[EventDate "2019.08.19"]
[EventType "swiss"]
[EventCountry "TUR"]
[SourceTitle "playchess.com"]
[Source "ChessBase"]
[SourceQuality "1"]
[TimeControl "5400+30"]

1. e4 e6 2. d4 d5 3. Nd2 c5 4. exd5 exd5 5. Ngf3 Nc6 6. dxc5 Bxc5 7. Nb3 Bd6 8. Be2 Nge7 9. O-O O-O 10. c3 Bg4 11. Nfd4 Bxe2 12. Qxe2 Rc8 13. Bg5 Qc7 14. h3 a6 15. Rfe1 Qd7 16. Rad1 Ng6 17. Nxc6 bxc6 18. c4 Bb8 19. cxd5 cxd5 20. Qxa6 Qf5 21. Bd2 Be5 22. Bb4 Rfd8 23. Ba5 Re8 24. Bc3 Bxc3 25. bxc3 Nf4 26. Qb5 Red8 27. Re3 Rb8 28. Qf1 h5 29. Nd4 Qd7 30. Rf3 Ng6 31. Re1 Rb2 32. Re2 Rdb8 33. Kh2 Qc7+ 34. g3 Qc4 35. Qe1 Rb1 36. Qd2 f6 37. Qd3 Ne5 38. Rxe5 Qxd3 39. Rxd3 fxe5 40. Nc6 e4 41. Rxd5 R8b2 42. Rf5 g6 43. Rf6 e3 44. Rxg6+ Kf7 45. Ne5+ Ke8 46. Re6+ Kd8 47. Nd3 exf2 48. Rd6+ Kc7 49. Rf6 f1=Q+ 0-1

[Event "1st Sivas Buruciye Open 2019"]
[Site "Sivas"]
[Date "2019.08.20"]
[Round "3"]
[White "Karahan, Anil"]
[Black "Karimov, Joshgun"]
[Result "1-0"]
[ECO "A46"]
[WhiteElo "1721"]
[BlackElo "1719"]
[Annotator "NA"]
[PlyCount "91"]
[EventDate "2019.08.19"]
[EventType "swiss"]
[EventCountry "TUR"]
[SourceTitle "playchess.com"]
[Source "ChessBase"]
[SourceQuality "1"]
[TimeControl "5400+30"]

1. d4 Nf6 2. Nf3 b5 3. e4 Nxe4 4. Bxb5 Bb7 5. Qe2 e6 6. O-O Be7 7. Nbd2 Nxd2 8. Bxd2 O-O 9. Rfe1 d6 10. c4 c6 11. Ba4 Nd7 12. b4 Bf6 13. Rab1 a6 14. Bf4 Be7 15. Bb3 Re8 16. Qd2 Nf8 17. Ba4 Nd7 18. Rec1 Rc8 19. Bc2 Nf8 20. a4 Ng6 21. Bg3 Ba8 22. c5 d5 23. Bd3 Bb7 24. Qe2 Ra8 25. b5 axb5 26. axb5 Bf6 27. b6 Qd7 28. Qb2 Rec8 29. Ra1 Rxa1 30. Rxa1 Ra8 31. Rxa8+ Bxa8 32. Qa3 Bb7 33. Qa7 Qc8 34. Bxg6 hxg6 35. Be5 Kf8 36. Bxf6 gxf6 37. h3 Qa8 38. Qxa8+ Bxa8 39. Nd2 Ke8 40. Nb3 Kd7 41. Na5 Kc8 42. Kf1 e5 43. Ke2 e4 44. Ke3 f5 45. Kf4 f6 46. g4 1-0

[Event "1st Sivas Buruciye Open 2019"]
[Site "Sivas"]
[Date "2019.08.20"]
[Round "3"]
[White "Can, Ilhan"]
[Black "Khvadagiani, Nika"]
[Result "0-1"]
[ECO "B31"]
[WhiteElo "1683"]
[BlackElo "1880"]
[Annotator "NA"]
[PlyCount "96"]
[EventDate "2019.08.19"]
[EventType "swiss"]
[EventCountry "TUR"]
[SourceTitle "playchess.com"]
[Source "ChessBase"]
[SourceQuality "1"]
[TimeControl "5400+30"]

1. e4 c5 2. Nf3 Nc6 3. Bb5 g6 4. O-O Bg7 5. d3 e5 6. Be3 Nd4 7. Bc4 d6 8. c3 Ne6 9. d4 cxd4 10. cxd4 Ne7 11. Bb5+ Bd7 12. Bxd7+ Qxd7 13. dxe5 dxe5 14. Qxd7+ Kxd7 15. Rd1+ Kc7 16. Na3 a6 17. Nc4 Nd4 18. Ncxe5 Nxf3+ 19. Nxf3 Rad8 20. Bf4+ Kc8 21. Ne5 Bxe5 22. Bxe5 Rhe8 23. Bf6 Rxd1+ 24. Rxd1 Ng8 25. Bg5 Rxe4 26. f3 Re8 27. Kf2 f6 28. Bf4 Re6 29. Rc1+ Kd8 30. a4 Ne7 31. Rd1+ Kc8 32. b4 b5 33. axb5 axb5 34. Rc1+ Rc6 35. Rxc6+ Nxc6 36. Bd2 Kd7 37. Ke3 Ke6 38. Kd3 Kd5 39. Kc3 h5 40. h4 Ke5 41. Kd3 f5 42. Bc3+ Kf4 43. Be1 g5 44. Bd2+ Kg3 45. hxg5 Kxg2 46. Ke3 h4 47. g6 Ne7 48. g7 h3 0-1

[Event "1st Sivas Buruciye Open 2019"]
[Site "Sivas"]
[Date "2019.08.20"]
[Round "3"]
[White "Duru, Ipek"]
[Black "Demir, Ugur"]
[Result "0-1"]
[ECO "B00"]
[WhiteElo "1659"]
[BlackElo "1790"]
[Annotator "NA"]
[PlyCount "98"]
[EventDate "2019.08.19"]
[EventType "swiss"]
[EventCountry "TUR"]
[SourceTitle "playchess.com"]
[Source "ChessBase"]
[SourceQuality "1"]
[TimeControl "5400+30"]

1. e4 b6 2. d4 Bb7 3. Bd3 Nf6 4. Qe2 e6 5. Nf3 d5 6. e5 Nfd7 7. c3 c5 8. O-O Be7 9. Re1 Nc6 10. Nbd2 g5 11. h3 Nf8 12. Nf1 Ng6 13. Bxg6 hxg6 14. N1h2 a5 15. Be3 cxd4 16. cxd4 Ba6 17. Qd1 Nb4 18. a3 Nd3 19. Re2 Rc8 20. Qd2 Nc1 21. Rxc1 Rxc1+ 22. Qxc1 Bxe2 23. Nxg5 Ba6 24. Qc6+ Kf8 25. Nhf3 Bc8 26. h4 Bd7 27. Qc1 Qc8 28. Qd2 Qc4 29. Nh3 Bb5 30. Bh6+ Ke8 31. Qf4 Qd3 32. Kh2 Qf5 33. Qc1 Kd7 34. Ne1 Bxh4 35. Nf3 Be7 36. Qe3 Qe4 37. Qb3 Qd3 38. Qxd3 Bxd3 39. Bd2 Bf5 40. Kg3 Bxh3 41. gxh3 Rc8 42. Ne1 Kc6 43. Kf3 Kb5 44. Nd3 Kc4 45. Ke2 Kb3 46. f4 Rh8 47. Bc3 Rxh3 48. Bd2 Rxd3 49. Kxd3 Kxb2 0-1

[Event "1st Sivas Buruciye Open 2019"]
[Site "Sivas"]
[Date "2019.08.20"]
[Round "3"]
[White "Samli, Ibrahim"]
[Black "Ercan, Mehmet Fahri"]
[Result "0-1"]
[ECO "B56"]
[WhiteElo "1655"]
[BlackElo "1854"]
[Annotator "NA"]
[PlyCount "76"]
[EventDate "2019.08.19"]
[EventType "swiss"]
[EventCountry "TUR"]
[SourceTitle "playchess.com"]
[Source "ChessBase"]
[SourceQuality "1"]
[TimeControl "5400+30"]

1. e4 c5 2. Nf3 d6 3. d4 cxd4 4. Nxd4 Nf6 5. Nc3 Bd7 6. Bc4 Qc7 7. Bb3 a6 8. Bg5 e6 9. Bxf6 gxf6 10. Qh5 Qc5 11. Qxc5 dxc5 12. Nf3 b5 13. a3 Bc6 14. Nd2 Nd7 15. Ne2 c4 16. Ba2 Nc5 17. Nc3 Bh6 18. f3 Rg8 19. g3 O-O-O 20. O-O-O f5 21. Rhe1 fxe4 22. Ncxe4 Nxe4 23. fxe4 Rd4 24. c3 Rxd2 25. Rxd2 Rd8 26. Ree2 Rxd2 27. Rxd2 Bxe4 28. b3 Bd3 29. Kd1 Bxd2 30. Kxd2 e5 31. a4 Kd7 32. axb5 axb5 33. bxc4 bxc4 34. Kc1 Ke6 35. Bb1 Bxb1 36. Kxb1 Kf5 37. Kc2 Kg4 38. Kd2 Kf3 0-1

[Event "1st Sivas Buruciye Open 2019"]
[Site "Sivas"]
[Date "2019.08.20"]
[Round "3"]
[White "Erdogan, Kayra"]
[Black "Akbayir, Eymen"]
[Result "1/2-1/2"]
[ECO "C50"]
[WhiteElo "1119"]
[BlackElo "1108"]
[Annotator "NA"]
[PlyCount "77"]
[EventDate "2019.08.19"]
[EventType "swiss"]
[EventCountry "TUR"]
[SourceTitle "playchess.com"]
[Source "ChessBase"]
[SourceQuality "1"]
[TimeControl "5400+30"]

1. e4 e5 2. Nf3 Nc6 3. Bc4 Bc5 4. O-O d6 5. h3 Nf6 6. Re1 O-O 7. c3 h6 8. d4 exd4 9. cxd4 Bb4 10. Nc3 Bxc3 11. bxc3 d5 12. exd5 Nxd5 13. Qc2 Nf6 14. Ba3 Re8 15. Rxe8+ Qxe8 16. Re1 Qd7 17. Ne5 Nxe5 18. Rxe5 Qc6 19. Qb3 Qb6 20. Bxf7+ Kh8 21. Rb5 Qa6 22. Re5 Qb6 23. Qxb6 axb6 24. Bb4 Bd7 25. Kf1 Bc6 26. f3 Rd8 27. Re7 Rd7 28. Rxd7 Bxd7 29. c4 g5 30. Bf8 Kh7 31. d5 Bf5 32. Ke2 Bb1 33. a3 Ba2 34. Kd3 Bb1+ 35. Kc3 Bf5 36. Kd4 Bc2 37. c5 bxc5+ 38. Bxc5 Bd1 39. Be7 1/2-1/2

[Event "1st Sivas Buruciye Open 2019"]
[Site "Sivas"]
[Date "2019.08.20"]
[Round "3"]
[White "Eryilmaz, Zubeyr Kerem"]
[Black "Capraz, Arda"]
[Result "0-1"]
[ECO "B13"]
[WhiteElo "1032"]
[BlackElo "1384"]
[Annotator "NA"]
[PlyCount "46"]
[EventDate "2019.08.19"]
[EventType "swiss"]
[EventCountry "TUR"]
[SourceTitle "playchess.com"]
[Source "ChessBase"]
[SourceQuality "1"]
[TimeControl "5400+30"]

1. Nf3 d5 2. c4 e6 3. e3 Nf6 4. a3 c5 5. d4 cxd4 6. exd4 dxc4 7. Bxc4 Nc6 8. Nc3 a6 9. Be3 b5 10. Nxb5 axb5 11. Bxb5 Qa5+ 12. Qd2 Qxb5 13. Rc1 Bd7 14. Bf4 Nd5 15. Bg3 Be7 16. Ne5 Nxe5 17. Bxe5 Nf6 18. h4 Rc8 19. Rxc8+ Bxc8 20. Rh3 Ba6 21. Kd1 Qf1+ 22. Kc2 O-O 23. f3 Rc8+ 0-1

[Event "1st Sivas Buruciye Open 2019"]
[Site "Sivas"]
[Date "2019.08.21"]
[Round "4"]
[White "Khvadagiani, Nika"]
[Black "Var, Sefa"]
[Result "0-1"]
[ECO "D48"]
[WhiteElo "1880"]
[BlackElo "1698"]
[Annotator "NA"]
[PlyCount "62"]
[EventDate "2019.08.19"]
[EventType "swiss"]
[EventCountry "TUR"]
[SourceTitle "playchess.com"]
[Source "ChessBase"]
[SourceQuality "1"]
[TimeControl "5400+30"]

1. Nf3 d5 2. e3 Nf6 3. c4 c6 4. Nc3 e6 5. d4 Nbd7 6. Bd3 dxc4 7. Bxc4 b5 8. Bd3 Bb7 9. O-O a6 10. a3 c5 $11 11. b3 Bd6 12. Bb2 O-O 13. Qe2 Rc8 14. Rfd1 Qe7 15. Nb1 e5 16. dxe5 Nxe5 17. Nxe5 Bxe5 18. a4 c4 19. bxc4 bxc4 20. Bf5 Rc5 21. Bh3 c3 22. Ba3 c2 23. Rc1 cxb1=Q 24. Rcxb1 Bxa1 25. Rxa1 Rd8 26. Qb2 Qe5 27. Qa2 Rcd5 28. g3 Rd1+ 29. Rxd1 Rxd1+ 30. Bf1 Qe4 31. f3 Qxf3 0-1

[Event "1st Sivas Buruciye Open 2019"]
[Site "Sivas"]
[Date "2019.08.21"]
[Round "4"]
[White "Ercan, Mehmet Fahri"]
[Black "Karahan, Anil"]
[Result "1/2-1/2"]
[ECO "B38"]
[WhiteElo "1854"]
[BlackElo "1721"]
[Annotator "NA"]
[PlyCount "113"]
[EventDate "2019.08.19"]
[EventType "swiss"]
[EventCountry "TUR"]
[SourceTitle "playchess.com"]
[Source "ChessBase"]
[SourceQuality "1"]
[TimeControl "5400+30"]

1. d4 Nf6 2. c4 g6 3. Nc3 Bg7 4. e4 d6 5. f3 O-O 6. Be3 c5 7. Nge2 Nc6 8. Qd2 Nxd4 9. Nxd4 cxd4 10. Bxd4 Nd7 {[%emt 0:01:30] B38: Sicilian: Maroczy Bind with 5...Bg7 and 7...0-0} (10... Be6 11. Be2 a5 12. O-O a4 13. Rac1 Qa5 14. Rc2 Rfc8 15. b3 axb3 16. axb3 Nd7 17. Be3 Qb4 18. Rb1 Nc5 19. Nb5 Qxd2 20. Rxd2 Bd7 21. Kf2 f5 22. exf5 Bxf5 23. Rh1 Nxb3 24. Rdd1 Ra2 25. c5 dxc5 26. g4 Be6 27. Rhe1 Bc4 {0-1 (27) Sargissian,G (2702)-Li,C (2751) Huaian 2016}) 11. Bxg7 Kxg7 12. Qd4+ Kg8 13. O-O-O Qa5 14. Nd5 Re8 15. Kb1 Ne5 $146 ({Predecessor:} 15... Rb8 16. h4 Qc5 17. Qd2 Nf8 18. h5 {1-0 (29) Magem Badals,J (2560)-Vila Dupla,A (2290) Spain 1995}) 16. Be2 Be6 17. g4 Bxd5 18. cxd5 Qb6 19. Qxb6 axb6 20. Rc1 Rec8 21. Rxc8+ Rxc8 22. Rc1 Rxc1+ 23. Kxc1 g5 24. Kd2 Kf8 25. Ke3 Ng6 26. Bb5 Ne5 27. h3 Ng6 28. Bd7 Nf4 29. Bc8 Nxh3 30. Bxb7 Ke8 31. b4 Kd8 32. Ba6 Kc7 33. a4 h6 34. Bb5 Nf4 35. Kd4 Ng6 36. Be8 Ne5 37. Ke3 Kd8 38. Bb5 Kc7 39. Be2 Ng6 40. Kd4 Ne5 41. Kc3 Kb7 42. a5 bxa5 43. bxa5 Nd7 44. Kb4 Nc5 45. Bb5 Ka7 46. Be8 Nd3+ 47. Ka4 Ne5 48. Kb5 f6 49. Bh5 Kb7 50. a6+ Ka7 51. Be8 Nxf3 52. Bd7 Nd4+ 53. Kc4 Nf3 54. Kb5 Nd4+ 55. Kc4 Nf3 56. Kb5 Nd4+ $11 57. Kc4 1/2-1/2

[Event "1st Sivas Buruciye Open 2019"]
[Site "Sivas"]
[Date "2019.08.21"]
[Round "4"]
[White "Sabahi, Ali Can"]
[Black "Kiziltas, Inanc Vefa"]
[Result "1-0"]
[ECO "E08"]
[WhiteElo "1825"]
[BlackElo "1826"]
[Annotator "NA"]
[PlyCount "95"]
[EventDate "2019.08.19"]
[EventType "swiss"]
[EventCountry "TUR"]
[SourceTitle "playchess.com"]
[Source "ChessBase"]
[SourceQuality "1"]
[TimeControl "5400+30"]

1. d4 Nf6 2. c4 e6 3. g3 d5 4. Nf3 Be7 5. Bg2 O-O 6. O-O c6 7. Qc2 b6 8. Rd1 Nbd7 9. b3 Bb7 10. Nc3 Rc8 11. e4 c5 12. exd5 exd5 13. Ne1 cxd4 14. Rxd4 Bc5 15. Rd1 Ng4 16. Nd3 $11 Qf6 17. Nxc5 Nxc5 18. Ba3 Rfd8 19. Nxd5 Bxd5 20. Bxd5 Nxb3 21. Bxf7+ Qxf7 22. axb3 Ne5 23. Qe4 Nf3+ 24. Kg2 Ng5 25. Rxd8+ Rxd8 26. Qc6 Qf5 27. Re1 h6 28. Re8+ Rxe8 29. Qxe8+ Kh7 30. Qe3 Qh3+ 31. Kg1 Qg4 32. Be7 Nf3+ 33. Kg2 Nd4 34. f3 Qd7 35. Ba3 Nf5 36. Qe2 h5 37. Bb2 Qd6 38. Qc2 g6 39. Qc3 Qd8 40. g4 Nh4+ 41. Kh3 hxg4+ 42. fxg4 Qf8 43. Kxh4 g5+ 44. Kxg5 Qh6+ 45. Kf5 Qg6+ 46. Kf4 Qd6+ 47. Kf3 Qc6+ 48. Kf2 1-0

[Event "1st Sivas Buruciye Open 2019"]
[Site "Sivas"]
[Date "2019.08.21"]
[Round "4"]
[White "Shahlarov, Faig"]
[Black "Basaran, Cahit"]
[Result "1-0"]
[ECO "D00"]
[WhiteElo "1798"]
[BlackElo "1834"]
[Annotator "NA"]
[PlyCount "157"]
[EventDate "2019.08.19"]
[EventType "swiss"]
[EventCountry "TUR"]
[SourceTitle "playchess.com"]
[Source "ChessBase"]
[SourceQuality "1"]
[TimeControl "5400+30"]

1. d4 d5 2. Nc3 Nf6 3. Bf4 c6 4. e3 e6 (4... Bf5 5. Nf3 h6 6. Ne5 Nbd7 7. g4 Bh7 8. h4 Nxe5 9. dxe5 Ne4 10. Nxe4 Bxe4 11. f3 Bh7 12. e6 {1-0 (57) Bortnyk,O (2610)-Dreev,A (2653) Riadh 2017}) 5. Bd3 Bd6 6. Nge2 {[%emt 0:08:30] D00: 1 d4 d5: Unusual lines} Bxf4 7. Nxf4 Nbd7 8. Nh5 Nxh5 $146 ({Predecessor:} 8... O-O 9. Nxf6+ Nxf6 10. f4 Nd7 11. e4 f5 12. e5 {1-0 (85) Batabaev,M (2053)-Abdurahmanov,A Bishkek 2013}) 9. Qxh5 Nf6 10. Qh4 h6 11. f4 Bd7 12. g4 Nh7 13. Qxd8+ Rxd8 14. Bxh7 Rxh7 15. h4 f6 16. Nd1 e5 17. Nf2 e4 18. h5 Kf7 19. f5 Rhh8 20. Nh3 Ke7 21. Nf4 Kd6 22. Kd2 a5 23. b3 b5 24. a4 b4 25. Rhc1 Rb8 26. c3 bxc3+ 27. Rxc3 Rb6 28. Kc2 Rc8 29. Rc5 Ra8 30. Kc3 Ra7 31. Rb1 Rb4 32. Kb2 Rb6 33. Rbc1 Raa6 34. Ka3 Ra7 35. Ne6 Bxe6 36. fxe6 Raa6 37. R5c3 Kxe6 38. Kb2 Kd6 39. Kc2 Rb7 40. Kd2 Rf7 41. Rf1 Kc7 42. Ke2 Kb6 43. Kf2 Ra8 44. Kg3 Raf8 45. Rfc1 Rc7 46. Kf4 Rfc8 47. Rc5 Ra8 48. Rb1 Ra6 49. b4 axb4 50. Rxb4+ Ka7 51. a5 Ka8 52. Rb6 Ka7 53. Rxa6+ Kxa6 54. Kf5 Kb7 55. Ke6 Rc8 56. Kd7 Rc7+ 57. Kd6 Rc8 58. Rc3 Rd8+ 59. Ke7 Rc8 60. Kd7 Rc7+ 61. Kd6 Rc8 62. Rb3+ Ka6 63. Rb6+ Kxa5 64. Rxc6 Rd8+ 65. Ke6 Kb4 66. Rc7 Kb3 67. Rc5 Kb4 68. Rxd5 Re8+ $2 (68... Ra8) 69. Kf5 $18 Kc4 70. Rd7 Kd3 71. Kf4 g5+ 72. hxg6 Rg8 73. g7 f5 74. gxf5 h5 75. f6 h4 76. Ra7 h3 77. Ra3+ Kc2 78. Kg3 Kb2 79. Ra5 1-0

[Event "1st Sivas Buruciye Open 2019"]
[Site "Sivas"]
[Date "2019.08.21"]
[Round "4"]
[White "Demir, Ugur"]
[Black "Amanmuradow, Atajan"]
[Result "0-1"]
[ECO "B01"]
[WhiteElo "1790"]
[BlackElo "1794"]
[Annotator "NA"]
[PlyCount "128"]
[EventDate "2019.08.19"]
[EventType "swiss"]
[EventCountry "TUR"]
[SourceTitle "playchess.com"]
[Source "ChessBase"]
[SourceQuality "1"]
[TimeControl "5400+30"]

1. e4 d5 2. Nf3 dxe4 3. Ng5 Qd5 4. h4 Nf6 5. Nc3 Qe5 6. Bc4 e6 7. Qe2 h6 8. Ngxe4 a6 9. d4 Qxd4 10. Be3 Qe5 11. f4 Qa5 12. Nxf6+ gxf6 13. Bd2 Bb4 14. O-O-O Bxc3 15. Bxc3 Qf5 16. Kb1 Rg8 17. Rd5 Qxf4 18. Rhd1 Nc6 19. R5d3 e5 20. Bd5 Bg4 21. Bf3 Bxf3 22. Rxf3 Qxh4 23. Rdf1 O-O-O 24. Rxf6 Qg5 25. Rxf7 Rg7 26. b3 Kb8 27. Kb2 Qxg2 28. R1f2 Qg5 29. R2f5 Qg6 30. R7f6 Qg2 31. Qxg2 Rxg2 32. Rxh6 Nd4 33. Bxd4 exd4 34. Rfh5 d3 35. Rh8 Rxh8 36. Rxh8+ Ka7 37. Rd8 Rxc2+ 38. Kb1 Rd2 39. a4 b5 40. axb5 axb5 41. b4 Kb6 42. Rd5 c6 43. Rd6 Rd1+ 44. Kb2 d2 45. Kc2 Rc1+ 46. Kxd2 Rc4 47. Kd3 Rxb4 48. Kc3 Rh4 49. Rg6 b4+ 50. Kb3 Kb5 51. Rg8 Rh3+ 52. Kb2 c5 53. Rg7 c4 54. Rb7+ Ka5 55. Rb8 Rh2+ 56. Kc1 c3 57. Rb7 Ka4 58. Rg7 b3 59. Ra7+ Kb4 60. Rb7+ Kc4 61. Rc7+ Kd4 62. Rd7+ Ke5 63. Re7+ Kd6 64. Re1 Ra2 0-1

[Event "1st Sivas Buruciye Open 2019"]
[Site "Sivas"]
[Date "2019.08.21"]
[Round "4"]
[White "Taze, Bulent"]
[Black "Copur, Bulent"]
[Result "1/2-1/2"]
[ECO "D15"]
[WhiteElo "1743"]
[BlackElo "1611"]
[Annotator "NA"]
[PlyCount "23"]
[EventDate "2019.08.19"]
[EventType "swiss"]
[EventCountry "TUR"]
[SourceTitle "playchess.com"]
[Source "ChessBase"]
[SourceQuality "1"]
[TimeControl "5400+30"]

1. d4 d5 2. c4 c6 3. Nc3 Nf6 4. e3 g6 5. Nf3 Bg7 6. cxd5 cxd5 7. Bd3 O-O 8. O-O Nc6 9. a3 a6 10. h3 Re8 11. Bd2 e6 12. Rc1 1/2-1/2

[Event "1st Sivas Buruciye Open 2019"]
[Site "Sivas"]
[Date "2019.08.21"]
[Round "5"]
[White "Sandalakis, Angelos"]
[Black "Yarashov, Azat"]
[Result "1/2-1/2"]
[ECO "B07"]
[WhiteElo "2439"]
[BlackElo "2156"]
[Annotator "NA"]
[PlyCount "107"]
[EventDate "2019.08.19"]
[EventType "swiss"]
[EventCountry "TUR"]
[SourceTitle "playchess.com"]
[Source "ChessBase"]
[SourceQuality "1"]
[TimeControl "5400+30"]

1. e4 c6 2. Nc3 d6 3. d4 Nf6 4. Nf3 Nbd7 5. e5 Nd5 6. e6 fxe6 7. Bd3 Nxc3 8. bxc3 Nf6 9. O-O g6 10. Re1 Bg7 11. Ng5 O-O 12. Nxe6 Bxe6 13. Rxe6 Rf7 14. Qe1 Qd7 15. Bg5 Rc8 16. Rd1 Kf8 17. h4 c5 18. Bxf6 Rxf6 19. d5 c4 20. Bf1 Rxe6 21. dxe6 Qb5 22. Rb1 Qd5 23. Qe3 b6 24. a4 Bf6 25. Rb4 Kg7 26. g3 Qe5 27. Qxe5 Bxe5 28. Rxc4 Rxc4 29. Bxc4 Bxc3 30. Kg2 Kf6 31. f4 Be1 32. Kf3 Bc3 33. Bd5 Be1 34. c4 Bb4 35. Kf2 Bc3 36. g4 Bd2 37. Kf3 h6 38. g5+ hxg5 39. hxg5+ Kg7 40. Kg4 Bc1 41. Bc6 Bb2 42. Be8 a5 43. f5 gxf5+ 44. Kxf5 Bc1 45. Bf7 Bd2 46. g6 Be1 47. Ke4 Bf2 48. Kd5 Bg1 49. Kc6 Bd4 50. Kc7 Kf8 51. Kd7 Bf6 52. Kc6 Bd4 53. Kc7 Kg7 54. Kc6 1/2-1/2

[Event "1st Sivas Buruciye Open 2019"]
[Site "Sivas"]
[Date "2019.08.21"]
[Round "5"]
[White "Saraci, Nderim"]
[Black "Temizkan, Denizcan"]
[Result "1-0"]
[ECO "C50"]
[WhiteElo "2398"]
[BlackElo "2175"]
[Annotator "NA"]
[PlyCount "87"]
[EventDate "2019.08.19"]
[EventType "swiss"]
[EventCountry "TUR"]
[SourceTitle "playchess.com"]
[Source "ChessBase"]
[SourceQuality "1"]
[TimeControl "5400+30"]

1. e4 e5 2. Nf3 Nc6 3. Bc4 Be7 4. O-O Nf6 5. d4 d6 6. Re1 O-O 7. h3 h6 8. Nc3 Nh7 9. Nd5 Ng5 10. Nxe7+ Qxe7 11. Nxg5 hxg5 12. Qh5 exd4 13. Bxg5 Qe5 14. Bd5 Be6 15. f4 g6 16. Qh4 Qh8 17. Qxh8+ Kxh8 18. Bf6+ Kg8 19. a3 Rfe8 20. Kf2 Ne7 21. Bxe6 fxe6 22. Bxd4 Rf8 23. Kg3 Rf7 24. Kg4 Raf8 25. g3 c5 26. Be3 Nc6 27. Rad1 Rd8 28. e5 dxe5 29. Rxd8+ Nxd8 30. fxe5 b6 31. Bf4 Nc6 32. h4 Rf5 33. c3 Ne7 34. Kf3 Nd5 35. c4 Ne7 36. Rd1 Nc6 37. Ke4 Nd4 38. b4 a5 39. bxc5 bxc5 40. Rb1 Rf7 41. Rb8+ Rf8 42. Rxf8+ Kxf8 43. Be3 Nb3 44. a4 1-0

[Event "1st Sivas Buruciye Open 2019"]
[Site "Sivas"]
[Date "2019.08.21"]
[Round "5"]
[White "Lortkipanidze, Nodar"]
[Black "Tofan, Ibrahim"]
[Result "1-0"]
[ECO "C25"]
[WhiteElo "2336"]
[BlackElo "2055"]
[Annotator "NA"]
[PlyCount "33"]
[EventDate "2019.08.19"]
[EventType "swiss"]
[EventCountry "TUR"]
[SourceTitle "playchess.com"]
[Source "ChessBase"]
[SourceQuality "1"]
[TimeControl "5400+30"]

1. e4 e5 2. Nc3 Nc6 3. f4 Bc5 4. fxe5 Qe7 5. Nf3 Nxe5 6. Nd5 Nxf3+ 7. Qxf3 Qh4+ 8. g3 Qd8 9. Qc3 c6 10. Qxg7 cxd5 11. Qxh8 Ke7 12. d4 Bb6 13. Bg5+ f6 14. Qg7+ Ke6 15. exd5+ Kxd5 16. Qf7+ Kc6 17. Bb5+ 1-0

[Event "1st Sivas Buruciye Open 2019"]
[Site "Sivas"]
[Date "2019.08.21"]
[Round "5"]
[White "Babayev, Talib"]
[Black "Annaberdiev, Meilis"]
[Result "0-1"]
[ECO "B42"]
[WhiteElo "2288"]
[BlackElo "2518"]
[Annotator "ChessBase"]
[PlyCount "100"]
[EventDate "2019.08.19"]
[EventType "swiss"]
[EventCountry "TUR"]
[SourceTitle "playchess.com"]
[Source "ChessBase"]
[SourceQuality "1"]
[TimeControl "5400+30"]

1. e4 c5 2. Nf3 e6 3. d4 cxd4 4. Nxd4 a6 5. Bd3 g6 6. Be3 Bg7 7. O-O Ne7 8. Nd2 O-O 9. c3 d5 10. Qe2 Nd7 11. Bg5 Nc5 12. exd5 f6 13. Bh4 Nxd3 14. Qxd3 e5 15. N4b3 Qxd5 16. Qxd5+ Nxd5 17. Nc4 b6 18. Rad1 Be6 19. Rfe1 Nxc3 20. Nxb6 Nxd1 21. Nxa8 Bxb3 22. axb3 Nxf2 23. Nc7 Nd3 24. Rd1 e4 25. Nxa6 Rc8 26. b4 f5 27. b5 Bd4+ 28. Kf1 Bb6 29. b4 Rc2 30. Nc5 Nxc5 31. bxc5 Bxc5 32. Rd5 e3 33. Re5 Bd4 34. Re6 Kf7 35. Re7+ Kf8 36. Re6 Rb2 37. h3 h6 38. g4 g5 39. Be1 f4 40. Re4 Bc5 41. Re5 Bb6 42. h4 gxh4 43. Re6 Bd8 44. Rxh6 Rb1 45. Rh8+ Ke7 46. Ke2 Rxe1+ 47. Kxe1 f3 48. Rh7+ Kd6 49. Ra7 h3 50. g5 h2 0-1

[Event "1st Sivas Buruciye Open 2019"]
[Site "Sivas"]
[Date "2019.08.21"]
[Round "5"]
[White "Aliyev, Rasim"]
[Black "Abdulov, Orkhan"]
[Result "1/2-1/2"]
[ECO "C60"]
[WhiteElo "2139"]
[BlackElo "2397"]
[Annotator "NA"]
[PlyCount "97"]
[EventDate "2019.08.19"]
[EventType "swiss"]
[EventCountry "TUR"]
[SourceTitle "playchess.com"]
[Source "ChessBase"]
[SourceQuality "1"]
[TimeControl "5400+30"]

1. e4 e5 2. Nf3 Nc6 3. Bb5 a6 4. Ba4 Nge7 5. O-O g6 6. d4 exd4 7. Nxd4 b5 8. Bb3 Bg7 9. c3 O-O 10. Bg5 Na5 11. Nd2 Nxb3 12. N2xb3 f6 13. Bh4 d6 14. Re1 Qd7 15. Qc2 a5 16. c4 a4 17. Nd2 g5 18. Bg3 f5 19. exf5 Bxd4 20. Qe4 Bxb2 21. Rab1 d5 22. cxd5 Bc3 23. d6 cxd6 24. Qxa8 Bb7 25. Qa7 Bxd2 26. Red1 Bf4 27. Bxf4 gxf4 28. Qd4 Rxf5 29. Qxd6 Qxd6 30. Rxd6 Re5 31. f3 Bc6 32. Rb2 Be8 33. g3 fxg3 34. hxg3 Bf7 35. Kf2 Bc4 36. f4 Rh5 37. Kf3 Rh1 38. g4 Ra1 39. Rd7 Kf8 40. Rh2 Bd5+ 41. Ke3 Bg8 42. Rb2 b4 43. Rxb4 Nd5+ 44. Rxd5 Bxd5 45. Rxa4 Bxa2 46. Ra5 h6 47. Kf2 Ke7 48. Kg3 Kd7 49. Ra6 1/2-1/2

[Event "1st Sivas Buruciye Open 2019"]
[Site "Sivas"]
[Date "2019.08.21"]
[Round "5"]
[White "Rzayev, Chingiz"]
[Black "Barsov, Alexei"]
[Result "0-1"]
[ECO "C01"]
[WhiteElo "2098"]
[BlackElo "2383"]
[Annotator "NA"]
[PlyCount "62"]
[EventDate "2019.08.19"]
[EventType "swiss"]
[EventCountry "TUR"]
[SourceTitle "playchess.com"]
[Source "ChessBase"]
[SourceQuality "1"]
[TimeControl "5400+30"]

1. e4 e6 2. d4 d5 3. exd5 exd5 4. Bd3 c5 5. dxc5 Bxc5 6. Nf3 Nf6 7. O-O O-O 8. h3 Qd6 9. b4 Bxb4 10. Bb2 Nc6 11. c4 dxc4 12. Bxc4 Bf5 13. Qxd6 Bxd6 14. Nc3 Rac8 15. Nb5 Bc5 16. Rac1 b6 17. Ne5 a6 18. Nxc6 Rxc6 19. Nd4 Bxd4 20. Bxd4 Rfc8 21. g4 Rxc4 22. Rxc4 Rxc4 23. Bxf6 Bxg4 24. Bd8 Bxh3 25. Re1 Be6 26. Bxb6 Ra4 27. Kg2 Rxa2 28. Kg3 Ra3+ 29. Kf4 h5 30. Kg5 f6+ 31. Kxh5 Rh3+ 0-1